Match 37410900
Unlisted

Match 37410900
End
Construct Barracks
Riflemen Squad
Riflemen Squad
M1 Mortar Team
Riflemen Squad
Selects Airborne Battlegroup
Selects Heavy Machine Gun Paradrop
Selects Paratrooper Squad Paradrop
Heavy Machine Gun Paradrop
Engineer Squad
Grenade Package
Heavy Machine Gun Paradrop
AI Takeover
Vladimir Ilyich Ulyanov
Franklin Delano Roosevelt
Cpt. Colter Stevens
勇于撤退先遣兵
R19
嫂子开门我是我哥
皮皮
Ceaice
0
0

Comments sign in to comment!

No comments posted yet!